Map: Dusk Towers

Players

Believe - Winner!

  • Race: Protoss Protoss
  • League: Grandmaster

Miszu

  • Race: Terran Terran
  • League: Master

VOD

Have the link to the VOD?

Description

Time

  • Played on: July 1, 2016, 5:17 p.m.
  • Length: 10:32
Show
View Real Time Build Order
Export as new Build Order

Believe Protoss - Winner!

Build Orders: 1 Gate Expand, Blink Stalkers 

Get SALT Encoding   

  12  0:02  Probe (Chrono Boost)  
  13  0:12  Probe (Chrono Boost)  
  14  0:21  Pylon  
  14  0:23  Probe (Chrono Boost)  
  15  0:39  Probe (Chrono Boost)  
  16  0:43  Gateway  
  17  0:50  Probe (Chrono Boost)  
  17  0:53  Assimilator  
  17  1:00  Probe (Chrono Boost)  
  18  1:11  Probe (Chrono Boost)  
  19  1:21  Probe (Chrono Boost)  
  21  1:35  Nexus  
  21  1:36  Cybernetics Core  
  20  1:42  Probe (Chrono Boost)  
  20  1:46  Assimilator  
  21  1:52  Probe (Chrono Boost)  
  22  1:57  Pylon  
  22  2:03  Probe (Chrono Boost)  
  23  2:14  Warp Gate  
  23  2:15  Adept (Chrono Boost), Probe  
  26  2:27  Probe  
  27  2:39  Probe (Chrono Boost)  
  28  2:47  Probe (Chrono Boost)  
  28  2:50  Probe (Chrono Boost)  
  30  2:55  Robotics Facility  
  30  2:57  Probe (Chrono Boost)  
  31  3:01  Probe (Chrono Boost)  
  32  3:08  Probe (Chrono Boost)  
  32  3:12  Mothership Core (Chrono Boost)  
  35  3:15  Twilight Council  
  35  3:18  Probe (Chrono Boost)  
  36  3:28  Gateway  
  36  3:29  Gateway, Probe (Chrono Boost)  
  36  3:33  Probe (Chrono Boost)  
  38  3:35  Pylon  
  38  3:39  Probe (Chrono Boost)  
  39  3:43  Probe (Chrono Boost)  
  39  3:44  Observer  
  39  3:48  Probe (Chrono Boost), Assimilator  
  41  3:52  Blink (Chrono Boost)  
  41  3:54  Probe  
  43  4:09  Warp Prism, Probe  
  45  4:10  Probe  
  45  4:16  Stalker  
  49  4:22  Probe  
  50  4:27  Probe  
  50  4:30  Stalker  
  50  4:31  Stalker  
  54  4:43  Pylon  
  54  4:44  Stalker  
  54  4:50  Probe  
  54  4:52  Probe  
  53  4:56  Pylon  
  53  5:02  Probe x2  
  55  5:10  Gateway  
  55  5:14  Gateway, Nexus, Probe  
  56  5:15  Gateway  
  56  5:16  Pylon  
  56  5:24  Stalker x2  
  56  5:26  Probe  
  57  5:33  Probe  
  57  5:35  Robotics Bay  
  58  5:48  Pylon  
  55  5:50  Stalker  
  55  5:52  Probe  
  57  6:01  Probe  
  58  6:04  Forge  
  58  6:09  Dark Shrine  
  58  6:11  Probe  
  59  6:14  Probe  
  59  6:18  Colossus (Chrono Boost)  
  66  6:25  Resonating Glaives (Chrono Boost)  
  66  6:30  Probe  
  66  6:31  Probe, Assimilator  
  68  6:34  Probe  
  68  6:36  Protoss Ground Weapons Level 1 (Chrono Boost)  
  69  6:42  Probe  
  70  6:48  Probe  
  70  6:49  Probe  
  72  6:56  Extended Thermal Lance  
  72  7:00  Gateway  
  72  7:01  Gateway  
  72  7:02  Colossus  
  72  7:04  Probe  
  79  7:17  Pylon  
  79  7:19  Probe  
  79  7:20  Probe  
  81  7:25  Dark Templar  
  83  7:33  Dark Templar  
  85  7:40  Adept x3  
  91  7:45  Pylon  
  86  8:00  Colossus (Chrono Boost)  
  90  8:09  Stalker x2  
  90  8:10  Stalker  
  90  8:12  Adept  
  98  8:13  Probe  
  98  8:15  Pylon  
  98  8:16  Assimilator  
  98  8:17  Adept x2  
  98  8:18  Adept  
  105  8:27  Probe  
  105  8:28  Probe  
  107  8:39  Adept  
  107  8:40  Adept x2, Stalker x2  
  117  8:46  Pylon  
  115  9:00  Stalker x2  
  116  9:04  Pylon  
  116  9:10  Probe  
  114  9:22  Colossus (Chrono Boost)  
  120  9:24  Adept x2  
  120  9:25  Adept  
  120  9:26  Adept x2  
  120  9:42  Adept x2  
  92  9:49  Adept x4, Dark Templar  
  90  10:10  Adept x4  
  90  10:11  Adept x2  
  76  10:22  Stalker  
Show
View Real Time Build Order
Export as new Build Order

Miszu Terran 

Build Orders: 1/1/1, Liberator Opening, MMM Bio 

Get SALT Encoding   

  12  0:01  SCV  
  13  0:13  SCV  
  14  0:18  Supply Depot  
  14  0:25  SCV  
  14  0:27  Refinery  
  15  0:39  SCV  
  16  0:45  Barracks  
  16  0:51  SCV  
  17  1:03  SCV  
  18  1:16  SCV  
  19  1:32  SCV  
  20  1:35  Marine  
  20  1:36  Factory  
  21  1:44  Orbital Command  
  21  1:58  Command Center  
  21  2:01  Marine  
  22  2:10  SCV  
  22  2:12  Supply Depot  
  23  2:25  Starport  
  23  2:27  Barracks Reactor  
  23  2:33  SCV  
  23  2:34  Hellion  
  26  2:43  Supply Depot  
  26  2:46  SCV  
  27  2:55  Hellion  
  29  2:59  SCV  
  29  3:04  Medivac  
  32  3:08  Marine x2  
  32  3:11  Supply Depot  
  32  3:12  SCV  
  35  3:17  Hellion  
  35  3:19  Orbital Command  
  37  3:26  Marine x2  
  39  3:27  SCV  
  40  3:37  Refinery  
  40  3:39  Liberator, SCV  
  41  3:45  Barracks  
  41  3:50  Barracks, SCV  
  42  4:02  SCV  
  46  4:03  SCV  
  46  4:08  Supply Depot  
  47  4:10  Factory Tech Lab  
  47  4:12  Marine x2  
  47  4:14  SCV  
  47  4:16  SCV  
  51  4:26  SCV  
  52  4:41  Marine x2  
  52  4:42  Barracks Tech Lab x2  
  51  4:52  SCV  
  49  4:55  Siege Tank  
  52  5:00  SCV  
  52  5:04  Marine x4, SCV, Stimpack  
  52  5:05  Starport Reactor  
  56  5:09  Barracks  
  56  5:10  Refinery x2  
  56  5:12  Barracks  
  56  5:16  Supply Depot x2  
  56  5:20  SCV x2  
  58  5:22  Marine x4  
  62  5:32  SCV x2  
  62  5:33  Siege Tank  
  67  5:39  Marine  
  67  5:41  Marine x3  
  71  5:44  SCV x2  
  70  5:56  SCV  
  66  5:57  Marine  
  66  5:58  Barracks Reactor, Marine  
  66  5:59  Barracks Reactor, Marine x2  
  70  6:04  Supply Depot  
  70  6:05  Supply Depot  
  72  6:12  Medivac  
  72  6:15  Medivac  
  72  6:16  Marine x2  
  75  6:20  Marine x2  
  75  6:24  Siege Tank  
  80  6:26  Liberator  
  80  6:32  Supply Depot x2  
  80  6:33  Marine  
  80  6:34  Marine  
  80  6:35  Marine  
  80  6:36  Marine x3  
  80  6:38  Marine x2  
  88  6:44  Liberator  
  91  6:51  Marine  
  91  6:52  Marine  
  93  6:55  Marine x2  
  93  6:56  Supply Depot, Siege Tank  
  93  6:57  Supply Depot  
  101  7:02  Marine x4  
  105  7:09  Marine  
  105  7:10  Marine  
  105  7:13  Marine x2  
  109  7:18  Supply Depot  
  109  7:19  Marine  
  109  7:20  Marine x2  
  112  7:24  Supply Depot  
  107  7:38  Marine x7  
  107  7:39  Marine  
  113  7:54  Engineering Bay  
  113  7:56  Marine x7, SCV  
  116  8:01  Marine, Combat Shields  
  116  8:03  Medivac x2  
  120  8:13  Marine  
  120  8:15  Marine  
  120  8:16  Marine x4  
  127  8:20  Supply Depot, Missile Turret  
  127  8:24  Missile Turret  
  126  8:29  Siege Tank  
  126  8:41  Marine x2  
  126  8:42  Marine x2  
  126  8:48  Supply Depot  
  126  8:57  Marauder  
  126  8:58  Marine, Marauder  
  128  9:18  Marauder  
  128  9:21  Marauder  
  128  9:22  Marine x3  
  135  9:32  Liberator x2  
  134  9:40  Marauder  
  134  9:42  Marauder  
  107  9:50  Marine  
  112  9:57  Siege Tank  
Tags
 
Add a new tag
Caveats
  • Supply blocks, unpowered buildings, or Contaminate may cause inaccurate times.
  • Supply counts are checked every 10 seconds.